 Dungeon Crawl Stone Soup version 0.18.1-8-gdd0e5ea (webtiles) character file.

52 Jerry the Magician (level 3, -14/24 HPs)
             Began as a Demonspawn Wizard on May 24, 2016.
             Killed from afar by a steam dragon (24 damage)
             ... with a ball of steam
             ... on level 3 of the Dungeon.
             The game lasted 00:14:04 (2101 turns).

Jerry the Magician (Demonspawn Wizard)              Turns: 2101, Time: 00:14:18

Health: -14/24     AC:  5    Str:  7    XL:     3   Next: 60%
Magic:  2/7        EV: 12    Int: 20    God:
Gold:   183        SH:  0    Dex: 11    Spells: 2 memorised, 5 levels left

rFire  . . .     SeeInvis .     k - +0 club
rCold  . . .     Gourm    .     a - +0 robe
rNeg   . . .     Faith    .     (no shield)
rPois  .         Spirit   .     b - +0 hat
rElec  .         Dismiss  .     (no cloak)
rCorr  .         Reflect  .     (no gloves)
SustAt .         Harm     .     o - +0 pair of boots
MR     .....                    (no amulet)
Stlth  ++........               (no ring)
                                (no ring)

@: not resistant to hostile enchantments, unstealthy
A: thin metallic scales 1
a: no special abilities


You were on level 3 of the Dungeon.
You were not hungry.

You visited 1 branch of the dungeon, and saw 3 of its levels.

You collected 183 gold pieces.

Inventory:

Hand Weapons
 k - a +0 club (weapon)
Missiles
 i - a throwing net (quivered)
Armour
 a - a +0 robe (worn)
 b - a +0 hat (worn)
 o - a +0 pair of boots (worn)
Wands
 r - a wand of polymorph (12/24)
Scrolls
 e - a scroll of fear {unknown}
 f - 3 scrolls of remove curse {unknown}
 h - a scroll of teleportation {unknown}
 p - 2 scrolls of identify {unknown}
 s - a scroll of immolation {unknown}
Potions
 j - a potion of brilliance {unknown}
 l - a potion of flight {unknown}
 t - a potion of might {unknown}
Books
 c - a book of Minor Magic

   Spells                             Type                      Level
   a - Magic Dart                     Conjuration                  1
   b - Blink                          Translocation                2
   c - Call Imp                       Summoning                    2
   d - Repel Missiles                 Charms/Air                   2
   e - Slow                           Hexes                        2
   f - Conjure Flame                  Conjuration/Fire             3
   g - Mephitic Cloud                 Conjuration/Poison/Air       3
Comestibles
 d - 5 bread rations
 g - a beef jerky
 m - 3 meat rations
 n - a slice of pizza
 q - 2 fruits


   Skills:
 - Level 1.7 Dodging
 - Level 1.7 Stealth
 - Level 3.0 Spellcasting
 + Level 3.0 Conjurations
 + Level 2.0 Summonings
   Level 0.8 Translocations


You had 5 spell levels left.
You knew the following spells:

 Your Spells              Type           Power        Failure   Level  Hunger
a - Magic Dart            Conj           ###.         4%          1    None
b - Call Imp              Summ           ##......     12%         2    ##.....


Dungeon Overview and Level Annotations

Branches:
Dungeon (3/15)

Altars:
Fedhas


Innate Abilities, Weirdness & Mutations

You are partially covered in thin metallic scales (AC +2).


Message History

The giant newt evaporates and reforms as a steam dragon!
Evoking this partially-identified wand wasted a few charges.
The steam dragon moves out of view.
An orc comes into view. It is wielding a trident.
Found 18 stones.
Casting: Call Imp
Confirm with . or Enter, or press ? or * to list all spells.
A beastly little devil appears in a puff of flame.
The orc shouts!
The steam dragon barely misses you. The steam dragon misses you.
The steam dragon breathes steam at you. The ball of steam hits you!
Ouch! That really hurt!
Casting: Call Imp
Confirm with . or Enter, or press ? or * to list all spells.
A beastly little devil appears in a puff of frigid air.
The steam dragon breathes steam at you. The ball of steam hits you!
Ouch! That really hurt!
You die...

......†..............#
..####.5#...........#
#.<##########..# #..#
..#.[# #..# #.#..#
#..# #.#..# #..#####
#.#..#
.......?5##.#..######
..........@§D>.......
.#############5###.##.
#§# # #..5........
#...........###
....(o......#
..##.##.##.## . #. #.#
.# # #.# #


You could see a steam dragon, a friendly crimson imp and a friendly white imp.

Vanquished Creatures
  A worm (D:2)
  2 dart slugs
  3 giant cockroaches
  4 goblins (D:1)
  A hobgoblin (D:2)
  A ball python (D:2)
  6 bats
  A giant newt (D:3)
  6 rats
25 creatures vanquished.

Vanquished Creatures (collateral kills)
  2 adders
  2 worms (D:2)
  A giant gecko (D:3)
  A bat (D:2)
  2 giant cockroaches (D:2)
  A goblin (D:2)
  4 jackals (D:2)
  A quokka (D:2)
  5 giant newts
19 creatures vanquished.

Grand Total: 44 creatures vanquished

Notes
Turn   | Place    | Note
--------------------------------------------------------------
     0 | D:1      | Jerry the Demonspawn Wizard began the quest for the Orb.
     0 | D:1      | Reached XP level 1. HP: 13/13 MP: 4/4
   435 | D:1      | Gained mutation: You are partially covered in thin metallic scales (AC +2). [demonic ancestry]
   435 | D:1      | Reached XP level 2. HP: 18/19 MP: 0/6
   516 | D:1      | Learned a level 2 spell: Call Imp
  1155 | D:2      | Found a blossoming altar of Fedhas.
  1369 | D:2      | Reached XP level 3. HP: 24/24 MP: 5/7
  2093 | D:3      | Noticed a steam dragon
  2093 | D:3      | a giant newt changed into a steam dragon
  2101 | D:3      | Killed from afar by a steam dragon

Skill      XL: |  1  2  3 |
---------------+----------+-----
Conjurations   | 2 3 |  3.0
Summonings     | 2 |  2.0
Dodging        | |  1.7
Stealth        | |  1.7
Spellcasting   | |  3.0
Translocations | |  0.8

Action                   || total
-------------------------++-------
Melee: Unarmed           ||     8
       Club              ||    53
 Cast: Magic Dart        ||    36
       Call Imp          ||    25
Evoke: Wand              ||     1
 Stab: Distracted        ||     1
  Eat: Chunk             ||     5
Armor: Robe              ||    29
Dodge: Dodged            ||    57
